 Dungeon Crawl Stone Soup version 0.14-a0-445-g388476e (webtiles) character file.

4524 Leibowitz the Nimble (level 10, -1/61 HPs)
             Began as a Kobold Berserker on Oct 29, 2013.
             Was a High Priest of Trog.
             Slain by a sky beast (5 damage)
             ... on Level 8 of the Dungeon.
             The game lasted 00:33:18 (9757 turns).

Leibowitz the Nimble (Kobold Berserker)             Turns: 9757, Time: 00:33:20

HP  -1/61        AC  4     Str 17      XL: 10   Next: 48%
MP  10/10        EV 22     Int  5      God: Trog [*****.]
Gold 481         SH 13     Dex 18      Spells:  0 memorised,  9 levels left

Res.Fire  : . . .   See Invis. : .   b - +0 blowgun
Res.Cold  : . . .   Warding    : .   u - +0 leather armour
Life Prot.: . . .   Conserve   : .   f - +0 buckler
Res.Poison: .       Res.Corr.  : .   (no helmet)
Res.Elec. : .       Clarity    : .   d - +0 cloak
Sust.Abil.: . .     Spirit.Shd : .   (no gloves)
Res.Mut.  : .       Stasis     : .   (no boots)
Res.Rott. : .       Flight     : .   j - amulet of rage
Saprovore : + + .                    (no ring)
                                     (no ring)

@: exhausted, somewhat resistant to hostile enchantments, very stealthy
A: disease resistance, carnivore 3, saprovore 2
a: Burn Spellbooks, Berserk, Trog's Hand, Brothers in Arms, Renounce Religion,
Evoke Berserk Rage


You were on level 8 of the Dungeon.
You worshipped Trog.
Trog was extremely pleased with you.
You were not hungry.

You visited 1 branch of the dungeon, and saw 8 of its levels.

You collected 461 gold pieces.

Inventory:

Hand weapons
 a - a +0,+0 short sword of protection
 b - a +0 blowgun (weapon)
 c - a +1,+0 orcish dagger of draining
 h - a +1,+0 dagger of holy wrath
Missiles
 p - 34 poisoned needles (quivered)
Armour
 d - a +0 cloak (worn)
 f - a +0 buckler (worn)
 u - a +0 leather armour (worn)
Magical devices
 k - a wand of magic darts (1)
 n - a wand of frost (23)
Comestibles
 q - 2 meat rations
Scrolls
 i - a scroll of fear
 l - a scroll of remove curse
 m - 3 scrolls of teleportation
 o - 10 scrolls of identify {unknown}
 v - a scroll of amnesia {unknown}
 w - 2 scrolls of recharging
Jewellery
 j - an amulet of rage (around neck)
Potions
 e - 2 potions of heal wounds
 g - a potion of agility
 r - 2 potions of curing
 s - a potion of flight
 t - a potion of restore abilities


   Skills:
 * Level 7.3 Fighting
 * Level 7.9 Short Blades
 + Level 2.2 Armour
 + Level 11.4 Dodging
 * Level 7.4 Stealth
 * Level 3.8 Shields
 + Level 1.0 Evocations


You had 9 spell levels left.
You didn't know any spells.

Dungeon Overview and Level Annotations

Branches:
Dungeon (8/27)             Temple (0/1) D:7             Orc (0/4) D:6
   Lair: D:8-13

Altars:
Nemelex Xobeh
Okawaru
Sif Muna

Shops:
D:6 %=/


Innate Abilities, Weirdness & Mutations

You recuperate from illness quickly.
You are small and have problems with some larger weapons.
You are carnivorous and can eat meat at any time.
You can eat rotten meat.


Message History

It hits you.
* * * LOW HITPOINT WARNING * * *
It shocks you!
* * * LOW HITPOINT WARNING * * *
A sky beast appears from thin air!
Reactivating autopickup.
The sky beast barely misses you.
Found a tubular brass ring.
You feel yourself speed up. The sky beast closely misses you.
Firing (i - inventory):
p - 35 poisoned needles (quivered)
Press: ? - help, Shift-Dir - straight line, f - sky beast
Aim: a sky beast (almost dead, poisoned)
You shoot a poisoned needle. The poisoned needle hits the sky beast.
The sky beast looks even sicker.
The sky beast is almost dead.
The sky beast hits you.
* * * LOW HITPOINT WARNING * * *
The sky beast shocks you.
You die...

........%().......#
.........%.......#
........≈).....).
.................
...............#.
..............##
.............##
........I...#...=
........@..##...
############


You could see a sky beast.

Vanquished Creatures
  Grinder (D:3)
  A troll (D:6)
  The ghost of timbw the Sneak, an average SpAr of Zin (D:7)
  2 hippogriffs
  2 wolves (D:8)
  Menkaure (D:4)
  A phantom (D:4)
  2 orc warriors
  2 sky beasts
  A crocodile (D:8)
  4 ogres
  3 centaurs
  Sigmund (D:3)
  Blork the orc (D:4)
  7 crimson imps
  4 hounds
  5 orc priests
  2 giant frog skeletons
  A scorpion (D:4)
  3 iguanas
  5 orc wizards
  6 worker ants
  A sky beast zombie (D:5)
  An ogre skeleton (D:6)
  A hound skeleton (D:4)
  3 gnolls (D:2)
  3 inept feature mimics (D:6)
  13 adders
  A worm (D:6)
  A giant eyeball (D:6)
  An ooze (D:3)
  39 orcs
  2 bat skeletons
  A bat zombie (D:7)
  A giant cockroach (D:3)
  23 goblins
  15 hobgoblins
  4 quokkas
  4 ball pythons
  9 bats
  2 giant geckos
  2 giant newts
  A hobgoblin skeleton (D:5)
  7 jackals
  15 kobolds
  2 orc zombies (D:7)
  19 rats
  2 rat skeletons
229 creatures vanquished.

Vanquished Creatures (collateral kills)
  3 orc warriors (D:6)
  A crimson imp (D:6)
  An orc priest (D:6)
  4 orc wizards (D:6)
  7 orcs (D:6)
16 creatures vanquished.

Vanquished Creatures (others)
  An ogre (D:6)
  An orc wizard (D:6)
  An orc (D:6)
3 creatures vanquished.

Grand Total: 248 creatures vanquished

Notes
Turn   | Place    | Note
--------------------------------------------------------------
     0 | D:1      | Leibowitz, the Kobold Berserker, began the quest for the Orb.
     0 | D:1      | Reached XP level 1. HP: 14/14 MP: 0/0
   236 | D:1      | Reached XP level 2. HP: 19/19 MP: 1/1
   355 | D:1      | Acquired Trog's second power
   743 | D:1      | Reached XP level 3. HP: 15/24 MP: 2/2
  1237 | D:2      | Reached skill level 1 in Stealth
  1257 | D:2      | Reached XP level 4. HP: 24/29 MP: 3/3
  1752 | D:2      | Reached XP level 5. HP: 33/33 MP: 4/4
  2059 | D:3      | Noticed Grinder
  2072 | D:3      | Paralysed by Grinder for 3 turns
  2098 | D:3      | Killed Grinder
  2098 | D:3      | Reached skill level 5 in Fighting
  2098 | D:3      | Reached skill level 5 in Short Blades
  2098 | D:3      | Reached skill level 5 in Dodging
  2098 | D:3      | Reached XP level 6. HP: 5/39 MP: 5/5
  2098 | D:3      | Reached XP level 7. HP: 5/44 MP: 6/6
  2435 | D:3      | Reached skill level 6 in Dodging
  2543 | D:3      | Reached skill level 1 in Evocations
  2579 | D:3      | Acquired Trog's third power
  2730 | D:3      | Noticed Sigmund
  2740 | D:3      | Killed Sigmund
  2747 | D:3      | Paralysed by a potion of paralysis for 3 turns
  3322 | D:4      | Found an iron altar of Okawaru.
  3385 | D:4      | Reached skill level 7 in Dodging
  3415 | D:4      | Noticed Menkaure
  3423 | D:4      | Killed Menkaure
  3423 | D:4      | Reached XP level 8. HP: 37/49 MP: 8/8
  3901 | D:4      | Reached skill level 8 in Dodging
  4523 | D:4      | Noticed Blork the orc
  4542 | D:4      | Killed Blork the orc
  5085 | D:5      | Entered Level 5 of the Dungeon
  5183 | D:5      | Reached skill level 9 in Dodging
  5459 | D:5      | Found a deep blue altar of Sif Muna.
  5688 | D:5      | Reached skill level 5 in Stealth
  5688 | D:5      | Reached XP level 9. HP: 34/54 MP: 9/9
  6374 | D:5      | Reached skill level 10 in Dodging
  6374 | D:5      | Reached skill level 1 in Shields
  6933 | D:5      | Found a sparkling altar of Nemelex Xobeh.
  7031 | D:6      | Found a staircase to the Ecumenical Temple.
  7097 | D:6      | the staircase to the Ecumenical Temple was a mimic.
  7425 | D:6      | Found Schosig's Food Shop.
  7806 | D:6      | Found Stroch's Jewellery Shop.
  7954 | D:6      | Found Osot's Magical Wand Shoppe.
  7981 | D:6      | Noticed a troll
  7982 | D:6      | Received a gift from Trog
  7998 | D:6      | Got a warped broad axe {god gift}
  8104 | D:6      | Killed a troll
  8473 | D:6      | Found a staircase to the Orcish Mines.
  8937 | D:7      | Noticed timbw's ghost (average SpAr)
  8968 | D:7      | Killed timbw's ghost
  8968 | D:7      | Reached skill level 11 in Dodging
  8968 | D:7      | Reached XP level 10. HP: 41/60 MP: 10/10
  8976 | D:7      | Found a staircase to the Ecumenical Temple.
  9757 | D:8      | Slain by a sky beast

Action                   |  1- 3 |  4- 6 |  7- 9 | 10-12 || total
-------------------------+-------+-------+-------+-------++-------
Melee: Short sword       |   137 |   102 |   990 |   196 ||  1425
       Dagger            |       |     7 |   164 |       ||   171
 Fire: Blowgun           |       |       |    20 |    18 ||    38
Invok: Berserk           |       |     2 |     9 |     1 ||    12
       Brothers in Arms  |       |       |     3 |       ||     3
Evoke: Wand              |       |     6 |     4 |     1 ||    11
  Use: Potion            |       |     2 |     7 |     1 ||    10
       Scroll            |       |       |     7 |     1 ||     8
 Stab: Sleeping          |     1 |     2 |    11 |     4 ||    18
       Distracted        |       |     1 |       |       ||     1
